 Dungeon Crawl Stone Soup version 0.30-a0-626-gd6a5dd7a1f (webtiles) character file.

Game seed: 12173400598545826352

77445 Newt the Markskobold (level 16, -8/84 HPs)
             Began as a Kobold Hunter on Jan 11, 2023.
             Was the Champion of Hepliaklqana.
             Mangled by an enormous slime creature (74 damage)
             ... on level 1 of the Pits of Slime.
             The game lasted 00:32:35 (16556 turns).

Newt the Markskobold (Kobold Hunter)               Turns: 16556, Time: 00:32:36

Health: -8/84      AC: 12    Str: 13    XL:     16   Next: 5%
Magic:  31/31      EV: 31    Int: 14    God:    Hepliaklqana [******]
Gold:   782        SH:  4    Dex: 30    Spells: 23/23 levels left

rFire   + . .      SeeInvis .    a - +6 arbalest "Damnation" {damnation}
rCold   x . .      Faith    .    (shield currently unavailable)
rNeg    . . .      Spirit   .    A - +0 acid dragon scales
rPois   +          Reflect  .    (no helmet)
rElec   +          Harm     +    t - scarf {harm}
rCorr   +          Rampage  .    (no gloves)
Will    ++...                    w - +0 pair of boots
Stlth   +++++                    (no amulet)
HPRegen 1.14/turn                Y - ring "Ukhogei" {Wiz rElec rC- Will+ Int+4}
MPRegen 0.22/turn                N - ring "Beugreid" {rPois rF+ MP+9 Str+6}

@: about to teleport, studying Dodging
A: reduced essence, small, no large weapons, nightstalker 3, iridescent scales
1, large bone plates 1, agile 1, frail 1, regeneration 1
a: Renounce Religion, Recall Ancestor, Ancestor Identity, Transference, Idealise


You were on level 1 of the Pits of Slime.
You worshipped Hepliaklqana.
Hepliaklqana was exalted by your worship.
You visited 5 branches of the dungeon, and saw 19 of its levels.
You also visited: Sewer.

You collected 1742 gold pieces.
You spent 960 gold pieces at shops.

Inventory:

Hand Weapons
 a - the +6 arbalest "Damnation" (weapon) {damnation}
   (You found it in a sewer)

   Any ammunition fired from it explodes in a burst of damnation on striking a
   foe, dealing damage which bypasses armour.
 b - a +5 shortbow
 e - a +1 heavy shortbow
 Z - a +3 shortbow
Missiles
 W - a throwing net
Armour
 c - a +0 leather armour
 d - a +2 cloak
 i - +0 steam dragon scales
 t - a scarf of harm (worn)
 v - a +0 cloak
 w - a +0 pair of boots (worn)
 A - +0 acid dragon scales (worn)
 X - a +1 chain mail of willpower
Jewellery
 h - a ring of protection from cold
 y - a +6 ring of intelligence
 B - a ring of poison resistance
 N - the ring "Beugreid" (right hand) {rPois rF+ MP+9 Str+6}
   (You found it on level 3 of the Lair of Beasts)

   [ring of magical power]

   Str:       It affects your strength (+6).
   rF:        It protects you from fire.
   rPois:     It protects you from poison.
   MP:        It affects your magic capacity (+9).
 P - a ring of fire
 R - a ring of fire
 Y - the ring "Ukhogei" (left hand) {Wiz rElec rC- Will+ Int+4}
   (You bought it in a shop on level 2 of the Orcish Mines)

   [ring of wizardry]

   It improves your spell success rate.
   Int:       It affects your intelligence (+4).
   rC:        It makes you vulnerable to cold.
   rElec:     It insulates you from electricity.
   Will:      It increases your willpower.
Wands
 q - a wand of flame (25)
 x - a wand of polymorph (6)
 C - a wand of iceblast (7)
 F - a wand of paralysis (5)
 K - a wand of mindburst (3)
 U - a wand of digging (6)
Scrolls
 g - 2 scrolls of magic mapping
 m - 2 scrolls of teleportation
 n - 4 scrolls of immolation
 s - a scroll of amnesia
 u - a scroll of enchant armour
 D - a scroll of blinking
 E - 2 scrolls of noise
 M - a scroll of fear
 O - 4 scrolls of poison
 Q - a scroll of torment
 S - 6 scrolls of identify
 V - a scroll of silence
Potions
 f - 4 potions of brilliance
 j - a potion of heal wounds
 k - 2 potions of lignification
 l - 6 potions of attraction
 o - a potion of cancellation
 p - 3 potions of degeneration
 r - a potion of magic {unknown}
 z - 3 potions of flight {unknown}
 H - a potion of resistance {unknown}
 I - a potion of ambrosia {unknown}
 J - 3 potions of curing
Miscellaneous
 G - a condenser vane
 L - a box of beasts
 T - a phantom mirror


   Skills:
 - Level 14.0 Fighting
 - Level 18.0 Ranged Weapons
 - Level 10.0 Armour
 - Level 15.0 Dodging
 - Level 6.0 Stealth
 - Level 4.0 Spellcasting
 - Level 5.0 Invocations
 + Level 13.6 Evocations


You had 23 spell levels left.
You didn't know any spells.
Your spell library contained the following spells:

 Spells                   Type           Power      Damage    Failure   Level
 Sandblast                Erth           4%         2d4       11%         1
 Summon Small Mammal      Summ           8%         N/A       11%         1
 Cigotuvi's Dreadful Rot  Necr/Pois/Air  4%         N/A       16%         2
 Passwall                 Tmut/Erth      1%         N/A       16%         2
 Poisonous Vapours        Pois/Air       4%         N/A       16%         2
 Call Canine Familiar     Summ           2%         N/A       30%         3
 Gell's Gravitas          Tloc           2%         N/A       30%         3
 Ignite Poison            Fire/Tmut/Pois 2%         N/A       30%         3
 Kindle Blastsparks       Fire/Tloc/Air  4%         2d10      30%         3
 Lesser Beckoning         Tloc           4%         N/A       30%         3
 Mephitic Cloud           Conj/Pois/Air  2%         N/A       30%         3
 Stone Arrow              Conj/Erth      4%         3d7       30%         3
 Summon Guardian Golem    Hex/Summ       2%         N/A       30%         3
 Teleport Other           Tloc           2%         N/A       30%         3
 Fulminant Prism          Conj/Hex       1%         3d5       67%         4
 Iskenderun's Mystic Bla  Conj/Tloc      2%         2d3       67%         4
 Sticky Flame             Conj/Fire      2%         2d3       67%         4
 Lee's Rapid Deconstruct  Erth           1%         3d4*      94%         5
 Ignition                 Fire           1%         3d3       100%        8


Dungeon Overview and Level Annotations

Branches:
Dungeon (9/15)             Temple (1/1) D:6            Lair (5/5) D:8
 Shoals (0/4) Lair:3       Spider (0/4) Lair:3        Slime (2/5) Lair:5
    Orc (2/2) D:9             Elf (0/3) Orc:2         Sewer (visited)

Altars:
Ashenzari
Cheibriados
Dithmenos
Elyvilon
Fedhas
Gozag
Hepliaklqana
Kikubaaqudgha
Makhleb
Nemelex Xobeh
Okawaru
Qazlal
Ru
Sif Muna
Trog
Uskayaw
Vehumet
Wu Jian
Xom
Yredelemnul
Zin
The Shining One
Jiyva

Shops:
D:5 *   Orc:2 **=(

Portals:
Pandemonium: Orc:2


Innate Abilities, Weirdness & Mutations

Your life essence is reduced to manifest your ancestor. (-10% HP)
You are small and have problems with some larger weapons.
You are completely attuned to the shadows.
You are partially covered in iridescent scales. (AC +2)
You are partially covered in large bone plates. (SH +4)
You are agile. (Dex +4, Str/Int -1)
You are frail. (-10% HP)
Your natural rate of healing is unusually fast.


Message History

The splash of acid hits you. You resist.
Two slime creatures merge to form a large slime creature.
The acid blob attacks as you move away! The acid blob barely misses you.
The large slime creature attacks as you move away!
The large slime creature completely misses you. x2
You block the slime creature's attack.
Two slime creatures merge to form a very large slime creature.
The large slime creature attacks as you move away!
The large slime creature completely misses you.
Found a stone staircase leading down.
Found an escape hatch in the floor.
The very large slime creature barely misses you.
Two slime creatures merge to form an enormous slime creature.
The slime creature completely misses you.
The acid blob completely misses you.
The rockslime quivers.
The slime creature completely misses you.
You block the slime creature's attack.
The enormous slime creature completely misses you.
The rockslime barely misses you.
There is an escape hatch in the ceiling here.
The rockslime completely misses you. The slime creature hits you.
The enormous slime creature completely misses you.
A mysterious force pulls you upwards. The hatch slams shut behind you.
As you read the scroll of teleportation, it crumbles to dust.
You feel strangely unstable. The quicksilver ooze hits you.
The quicksilver ooze engulfs you! The quicksilver ooze misses you.
The rockslime hits you!
You hold your ground!
The slime creature misses you.
The enormous slime creature closely misses you.
The great orb of eyes turns its gaze towards you.
The azure jelly quivers.
You slip free of the ooze engulfing you.
You gasp with relief as air once again reaches your lungs.
The great orb of eyes gazes at you.
You easily resist.
You block the rockslime's attack.
You block the quicksilver ooze's attack.
The quicksilver ooze completely misses you.
The enormous slime creature hits you!!!
Ouch! That really hurt!
You die...

#... .
##...
..##....
...#.....
...GJJ..
........#
........
.........
........
..G......
#..#.#..
....JJ.J.
...##.#.
...J@J...
#. ....
........#
..##
.........
.. #
.........
#.#......


You could see an azure jelly, a great orb of eyes, an enormous slime creature, a
slime creature, a rockslime and a quicksilver ooze.

Vanquished Creatures
  An azure jelly (Lair:5)
  Josephine (Orc:2)
  A great orb of eyes (Slime:1)
  4 hydras
  A two-headed ogre (D:9)
  18 death yaks
  The ghost of Puggon the Stormcaller, a journeyman TeAE of Ashenzari (Lair:1)
  8 orc high priests
  Sonja (Lair:5)
  5 orc knights
  5 orc sorcerers
  A shining eye (Slime:1)
  6 oklob plants
  7 elephants
  A rust devil (Orc:2)
  5 black mambas
  12 cane toads
  A torpor snail (Lair:2)
  A kobold demonologist (D:9)
  3 rime drakes
  4 komodo dragons
  An ice devil (Orc:2)
  A red devil (Orc:2)
  Grinder (D:3)
  A troll (Orc:1)
  7 polar bears
  7 hornets (Lair:5)
  4 dream sheep (Lair:4)
  37 blink frogs
  11 spriggans (Lair:5)
  8 slime creatures
  A wyvern (Lair:3)
  Sigmund (D:5)
  5 wraiths (Orc:2)
  A basilisk (Lair:5)
  32 yaks
  Grum (Lair:1)
  A redback (Lair:3)
  A steam dragon (D:7)
  A chaos spawn (Orc:2)
  2 vampire mosquitoes (D:9)
  6 wargs
  3 acid dragons
  3 water moccasins
  19 orc warriors
  4 ice beasts (D:8)
  5 black bears
  3 boggarts (Lair:5)
  7 ogres
  2 centaurs
  17 wolves
  2 phantoms
  Blork the orc (D:5)
  A kobold brigand (D:9)
  9 bullfrogs
  5 necrophages
  2 gnoll sergeants
  2 scorpions (D:5)
  3 killer bees (D:7)
  A howler monkey (D:9)
  6 jellies
  3 hounds
  20 orc priests
  Crazy Yiuf (D:4)
  9 orc wizards
  Robin (D:4)
  13 gnolls
  5 adders
  2 shadow imps
  3 white imps
  4 ufetubi
  A worm (D:3)
  4 dart slugs
  50 orcs
  2 endoplasms
  12 giant cockroaches
  12 goblins
  14 hobgoblins
  9 quokkas
  11 ball pythons
  5 bats
  6 frilled lizards
  8 kobolds
  10 rats
517 creatures vanquished.

Vanquished Creatures (collateral kills)
  2 quicksilver oozes (Lair:5)
  A death yak (Lair:5)
  Urug (Lair:1)
  An orc high priest (Orc:2)
  2 orc sorcerers
  A torpor snail (Lair:5)
  A cane toad (Lair:5)
  A komodo dragon (Lair:2)
  A troll (D:9)
  A polar bear (Lair:4)
  4 blink frogs
  3 slime creatures (Slime:2)
  A spriggan (Lair:5)
  2 yaks
  A wyvern (Lair:3)
  A warg (Orc:2)
  2 water moccasins
  4 orc warriors (Orc:2)
  A boggart (Lair:5)
  3 wolves
  2 bullfrogs
  2 orc priests
  3 orcs (Orc:1)
41 creatures vanquished.

Vanquished Creatures (others)
  7 knights
  2 ancestors
  A bush (Lair:1)
  25 fungi
  49 plants
84 creatures vanquished.

Grand Total: 642 creatures vanquished

Notes
Turn   | Place    | Note
-------+----------+-------------------------------------------
     0 | D:1      | Newt the Kobold Hunter began the quest for the Orb.
     0 | D:1      | Reached XP level 1. HP: 12/12 MP: 1/1
   160 | D:1      | Reached XP level 2. HP: 17/17 MP: 2/2
   306 | D:1      | Reached XP level 3. HP: 21/21 MP: 3/3
   366 | D:1      | Reached skill level 6 in Ranged Weapons
   715 | D:2      | Reached XP level 4. HP: 19/26 MP: 4/4
   839 | D:2      | Found a faded altar of an unknown god.
   872 | D:2      | Reached skill level 7 in Ranged Weapons
  1227 | D:3      | Reached XP level 5. HP: 30/30 MP: 5/5
  1254 | D:3      | Found a glowing drain.
  1283 | Sewer    | Entered a sewer
  1432 | Sewer    | Reached skill level 8 in Ranged Weapons
  1491 | Sewer    | Found the +6 arbalest "Damnation" {damnation}
  1663 | Sewer    | Noticed a bullfrog
  1664 | Sewer    | Killed a bullfrog
  1664 | Sewer    | Noticed a bullfrog
  1665 | Sewer    | Reached XP level 6. HP: 38/38 MP: 6/6
  2077 | D:3      | Noticed Grinder
  2087 | D:3      | Killed Grinder
  2088 | D:3      | Reached skill level 5 in Fighting
  2088 | D:3      | Reached XP level 7. HP: 34/44 MP: 7/7
  2566 | D:4      | Noticed Robin
  2577 | D:4      | Killed Robin
  2930 | D:4      | Noticed a wyvern
  3527 | D:4      | Found a runed translucent door.
  3530 | D:4      | Noticed Crazy Yiuf
  3645 | D:4      | Killed Crazy Yiuf
  3646 | D:4      | Reached XP level 8. HP: 49/49 MP: 8/8
  3684 | D:5      | Entered Level 5 of the Dungeon
  3713 | D:5      | Noticed Sigmund
  3731 | D:5      | Killed Sigmund
  3732 | D:5      | Reached skill level 5 in Dodging
  4018 | D:5      | Noticed Blork the orc
  4027 | D:5      | Killed Blork the orc
  4165 | D:5      | Found Riacloom's Neck Hole.
  4170 | D:5      | Bought a scarf of harm for 108 gold pieces
  4602 | D:6      | Reached skill level 5 in Evocations
  4602 | D:6      | Reached XP level 9. HP: 52/54 MP: 9/9
  4690 | D:6      | Found a staircase to the Ecumenical Temple.
  4696 | Temple   | Entered the Ecumenical Temple
  5200 | Temple   | Became a worshipper of Hepliaklqana the Forgotten
  5636 | D:6      | Found a shimmering altar of Xom.
  5636 | D:6      | Found a glowing silver altar of Zin.
  5636 | D:6      | Found a sparkling altar of Nemelex Xobeh.
  5645 | D:6      | Found a shadowy altar of Dithmenos.
  5645 | D:6      | Found a stormy altar of Qazlal.
  5645 | D:6      | Found a shimmering altar of Xom.
  6057 | D:7      | Gained mutation: You have large cloven feet. [potion of
                  | mutation]
  6569 | D:7      | Reached * piety under Hepliaklqana
  7069 | D:8      | Reached skill level 9 in Ranged Weapons
  7069 | D:8      | Noticed a polar bear
  7070 | D:8      | Noticed a rime drake
  7073 | D:8      | Noticed a polar bear
  7076 | D:8      | Killed a rime drake
  7077 | D:8      | Reached skill level 10 in Ranged Weapons
  7077 | D:8      | Reached XP level 10. HP: 7/57 MP: 10/10
  7397 | D:8      | Reached skill level 11 in Ranged Weapons
  7423 | D:8      | Reached skill level 12 in Ranged Weapons
  7495 | D:8      | Found a staircase to the Lair.
  7526 | D:8      | Found an iron altar of Okawaru.
  7907 | D:9      | Lost mutation: You have large cloven feet. [potion of
                  | mutation]
  7907 | D:9      | Gained mutation: You have hidden genetic defects. [potion
                  | of mutation]
  7907 | D:9      | Gained mutation: Your flesh is cold resistant. (rC+)
                  | [potion of mutation]
  7907 | D:9      | Gained mutation: You are agile. (Dex +4, Str/Int -1)
                  | [potion of mutation]
  7908 | D:9      | Lost mutation: Your flesh is cold resistant. (rC+) [potion
                  | of mutation]
  7908 | D:9      | Lost mutation: You have hidden genetic defects. [potion of
                  | mutation]
  7908 | D:9      | Gained mutation: You are partially covered in large bone
                  | plates. (SH +4) [potion of mutation]
  7908 | D:9      | Gained mutation: Your natural rate of healing is unusually
                  | fast. [potion of mutation]
  7908 | D:9      | Gained mutation: You are frail. (-10% HP) [potion of
                  | mutation]
  7908 | D:9      | Gained mutation: You are partially covered in iridescent
                  | scales. (AC +2) [potion of mutation]
  7914 | D:9      | Noticed a two-headed ogre
  7915 | D:9      | Killed a two-headed ogre
  7927 | D:9      | Noticed a kobold demonologist
  7931 | D:9      | Noticed an ice devil
  7931 | D:9      | Killed a kobold demonologist
  7944 | D:9      | Reached skill level 10 in Fighting
  7946 | D:9      | Reached XP level 11. HP: 57/57 MP: 17/17
  7978 | D:9      | Found a staircase to the Orcish Mines.
  8448 | D:9      | Reached ** piety under Hepliaklqana
  8449 | D:9      | Remembered your ancestor Quintus as a knight
  8730 | Lair:1   | Entered Level 1 of the Lair of Beasts
  8747 | Lair:1   | Reached skill level 10 in Dodging
  8774 | Lair:1   | Noticed Urug
  8779 | Lair:1   | Killed Urug
  8780 | Lair:1   | Reached skill level 5 in Armour
  8917 | Lair:1   | Reached skill level 5 in Stealth
  8979 | Lair:1   | Found a runed translucent door.
  8980 | Lair:1   | Noticed Puggon's ghost (journeyman TeAE)
  9209 | Lair:1   | Noticed Grum
  9211 | Lair:1   | Reached skill level 13 in Ranged Weapons
  9211 | Lair:1   | Killed Grum
  9213 | Lair:1   | Reached XP level 12. HP: 61/61 MP: 18/18
  9228 | Lair:1   | Reached *** piety under Hepliaklqana
  9668 | Lair:1   | Killed Puggon's ghost
  9732 | Lair:2   | Reached skill level 14 in Ranged Weapons
 10728 | Lair:3   | Reached **** piety under Hepliaklqana
 10750 | Lair:3   | Noticed an eight-headed hydra
 10752 | Lair:3   | Killed an eight-headed hydra
 10814 | Lair:3   | Found a hole to the Spider Nest.
 10857 | Lair:3   | Identified the ring "Beugreid" {rPois rF+ MP+9 Str+6}
 10982 | Lair:3   | Found a staircase to the Shoals.
 11557 | Lair:4   | Noticed a four-headed hydra
 11566 | Lair:4   | Killed a four-headed hydra
 11567 | Lair:4   | Reached XP level 13. HP: 68/68 MP: 19/19
 11576 | Lair:4   | Reached skill level 15 in Dodging
 11673 | Lair:4   | Noticed a five-headed hydra
 11675 | Lair:4   | Killed a five-headed hydra
 11800 | Lair:4   | Reached skill level 5 in Invocations
 11808 | Lair:4   | Noticed a six-headed hydra
 11810 | Lair:4   | Killed a six-headed hydra
 12019 | Lair:4   | Reached ***** piety under Hepliaklqana
 12423 | Lair:5   | Entered Level 5 of the Lair of Beasts
 12460 | Lair:4   | Reached skill level 10 in Evocations
 12776 | Lair:5   | Noticed Sonja
 12843 | Lair:5   | Killed Sonja
 12846 | Lair:5   | Reached XP level 14. HP: 73/73 MP: 20/20
 12883 | Lair:4   | Reached skill level 15 in Ranged Weapons
 13019 | Lair:4   | Reached skill level 16 in Ranged Weapons
 13053 | Lair:5   | Reached skill level 17 in Ranged Weapons
 13152 | Lair:5   | Reached skill level 18 in Ranged Weapons
 13412 | Lair:5   | Found a staircase to the Slime Pits.
 13415 | Lair:5   | Found a viscous altar of Jiyva.
 13688 | Lair:5   | Reached XP level 15. HP: 80/80 MP: 21/21
 14522 | Orc:1    | Entered Level 1 of the Orcish Mines
 14671 | Orc:1    | Found a radiant altar of Vehumet.
 14804 | Orc:2    | Entered Level 2 of the Orcish Mines
 14899 | Orc:2    | Noticed Josephine
 14902 | Orc:2    | Killed Josephine
 15115 | Orc:2    | Found Hataodos's General Store.
 15116 | Orc:2    | Found Jodomahi's General Store.
 15120 | Orc:2    | Bought a scroll of identify for 34 gold pieces
 15122 | Orc:2    | Bought a scroll of identify for 26 gold pieces
 15146 | Orc:2    | Found a staircase to the Elven Halls.
 15400 | Orc:2    | Reached ****** piety under Hepliaklqana
 15714 | Orc:2    | Reached skill level 10 in Armour
 15723 | Orc:2    | Found Gysudaz's Jewellery Shoppe.
 15723 | Orc:2    | Found Orhurygg's Antique Weapon Emporium.
 15724 | Orc:2    | Found a one-way gate leading to the halls of Pandemonium.
 15984 | Orc:2    | Bought the ring "Ukhogei" {Wiz rElec rC- Will+ Int+4} for
                  | 612 gold pieces
 15990 | Orc:2    | Bought a glowing shortbow for 180 gold pieces
 16200 | Slime:1  | Entered Level 1 of the Pits of Slime
 16264 | Slime:1  | Noticed an azure jelly
 16267 | Slime:1  | Noticed a quicksilver ooze
 16354 | Lair:5   | Killed an azure jelly
 16355 | Lair:5   | Killed a quicksilver ooze
 16395 | Slime:1  | Noticed a rockslime
 16395 | Slime:1  | Noticed a quicksilver ooze
 16408 | Lair:5   | Killed a quicksilver ooze
 16409 | Lair:5   | Reached XP level 16. HP: 39/84 MP: 21/22
 16458 | Slime:1  | Noticed a rockslime
 16462 | Slime:1  | Noticed a rockslime
 16462 | Slime:1  | Noticed an azure jelly
 16471 | Slime:2  | Noticed an azure jelly
 16541 | Slime:2  | Noticed an acid blob
 16554 | Slime:1  | Noticed an azure jelly
 16556 | Slime:1  | Mangled by an enormous slime creature

Illustrated notes

Levels and vault maps discovered:
D:1:      onia_arrival_pyramid, layout_rooms, minmay_tetromino_t2
D:2:      layout_rooms, shapermc_ecumenical_altar_totnotflames, minivault_24,
          minmay_misc_feat_square, guppyfry_early_orc_mine
D:3:      layout_basic, cheibrodos_sewer_entry_drain, uniq_grinder
D:4:      layout_gridville, lightli_corner_chamber, uniq_robin,
          uniq_crazy_yiuf_cottage
D:5:      layout_basic, chequers_serial_rivers_large_a,
          nicolae_shop_sticking_my_neck_out, uniq_sigmund, uniq_blork_the_orc
D:6:      layout_loops_ring, doesnt_xom_only_xom, minmay_temple_entry_mist
D:7:      layout_loops_ring, serial_bayou_crossing
D:8:      layout_rooms, general_overflow_altar, hellmonk_lair_entry_icy,
          kennysheep_decorative_pillar
D:9:      layout_loops_ring, erik_orc_4, minmay_between
Temple:   mainiacjoe_temple_big_plus
Lair:1:   layout_gridlike, gammafunk_ghost_grave, grunt_megastairs_2, uniq_urug,
          uniq_grum
Lair:2:   layout_misc_corridors, infiniplex_staircase_pool_2
Lair:3:   layout_roguey, elwin_shoals_entry_rocks, spider_nest_entry_rubble
Lair:4:   minmay_lair_oklob_chamber, layout_hall_layers,
          grunt_forest_small_clearings
Lair:5:   minmay_lair_end_enchanted_forest, layout_layer_cave,
          minmay_slime_entry_oklob_open, grunt_megastairs_5, uniq_sonja
Slime:1:  layout_caves, special_room [special_room_jelly]
Slime:2:  layout_caves
Orc:1:    layout_caves, basic_altar, serial_shops
Orc:2:    pf_orc_diabolical, layout_diamond_mine, nicolae_orc_lava_room,
          uniq_josephine

Skill      XL: |  1  2  3  4  5  6  7  8  9 10 11 12 13 14 15 |
---------------+----------------------------------------------+-----
Stealth        | 2 3 6 |  6.0
Ranged Weapons | 6 7 8 10 12 13 14 18 | 18.0
Fighting       | 3 5 8 10 12 13 14 | 14.0
Armour         | 2 4 6 10 | 10.0
Dodging        | 6 10 13 15 | 15.0
Evocations     | 5 6 8 12 13 | 13.6
Spellcasting   | 4 |  4.0
Invocations    | 5 |  5.0

Action                   |  1- 3 |  4- 6 |  7- 9 | 10-12 | 13-15 | 16-18 || total
-------------------------+-------+-------+-------+-------+-------+-------++-------
 Fire: Shortbow          |    84 |    96 |    61 |    38 |   223 |     5 ||   507
       Arbalest          |       |    11 |    92 |   144 |   282 |    12 ||   541
Invok: Ancestor Life: Kn |       |       |       |     1 |       |       ||     1
       Recall Ancestor   |       |       |       |       |     3 |     1 ||     4
Evoke: Wand              |       |       |       |       |     1 |       ||     1
  Use: Scroll            |     4 |     2 |     5 |     9 |     5 |     3 ||    28
       Potion            |       |     1 |     4 |     3 |     2 |     1 ||    11
Armor: Leather armour    |    18 |    14 |    23 |       |       |       ||    55
       Steam dragon scal |       |       |     8 |     9 |    26 |       ||    43
       Acid dragon scale |       |       |       |       |     8 |     2 ||    10
       Chain mail        |       |       |       |       |     1 |       ||     1
Dodge: Dodged            |    43 |    63 |   100 |    60 |   291 |    40 ||   597
Block: Other             |       |       |       |     8 |    55 |     4 ||    67

Table legend: (Time is in decaauts)
 A = Elapsed time spent in this place.
 B = Non-inter-level travel time spent in this place.
 C = Inter-level travel time spent in this place.
 D = Time resting spent in this place.
 E = Time spent auto-exploring this place.
 F = Levels seen in this place.
 G = Mean time per level.
                   A        B        C        D        E       F      G
               +--------+--------+--------+--------+--------+-----+--------+
         Total |  16835 |  15790 |   1045 |   1599 |  11847 |  20 |  841.8 |
       Dungeon |   7869 |   7443 |    426 |    984 |   5455 |   9 |  874.3 |
        Temple |    534 |    487 |     47 |      0 |    473 |   1 |  534.0 |
          Lair |   5996 |   5588 |    408 |    557 |   4161 |   5 | 1199.2 |
    Slime Pits |    192 |    192 |      0 |     43 |     49 |   2 |   96.0 |
  Orcish Mines |   1550 |   1388 |    162 |     15 |   1127 |   2 |  775.0 |
         Sewer |    690 |    690 |      0 |      0 |    581 |   1 |  690.0 |
               +--------+--------+--------+--------+--------+-----+--------+

Top non-repeatable levels by time:
  Lair:5: 1742 daAuts
  Lair:4: 1493 daAuts
     D:7: 1383 daAuts
     D:4: 1360 daAuts
   Orc:2: 1172 daAuts
  Lair:1: 1033 daAuts
     D:6: 993 daAuts
  Lair:2: 984 daAuts
     D:9: 852 daAuts
     D:5: 813 daAuts
  Lair:3: 743 daAuts
   Sewer: 690 daAuts
     D:8: 646 daAuts
     D:2: 624 daAuts
     D:3: 621 daAuts
